AoeStats
← NPG | FishCL

Pilgrims

508047357Analyzed
4v4 RM · 11d ago on Sep 20, 2026· 13m 18s· 8 players
Game mode
Random Map
Map size
Large (8 player)
Population
200
Speed
Normal
Resources
Standard
Victory
Conquest
Starting age
Dark Age
Ending age
Imperial Age
RankedLock teamsTeams togetherTeam positionsShared explorationLock speedFull tech treeHidden civsTurbo modeCheats
Victory
Defeat
🇨🇳 Lithuanians · China
1552
+12
🇦🇷 Dravidians · Argentina
1539
+12
🇨🇱 Spanish · Chile
1534
+12
🇨🇱 Vietnamese · Chile
1527
+13
🇨🇦 Persians · Canada
1483
-13
🇩🇪 Vikings · Germany
1483
-13
1472
-13
🇩🇪 Bohemians · Germany
1402
-10
Persian Assassin
9:34 Loom
PeterPan
11:53 Feudal Age
Yucatan_water_supremacy
5:03 Loom
12:37 Feudal Age
DerAbwurster
12:24 Feudal Age
12:26 Loom
NPG | FishCL
5:27 Loom
11:50 Feudal Age
12:26 Fishing Lines
15:45 Castle Age
AiM | PoRRo
4:21 Loom
11:41 Feudal Age
AiM | Facu1414
12:09 Feudal Age
12:25 Loom
12:41 Double-Bit Axe
12:49 Gold Mining
超级硬邦邦
11:05 Feudal Age
15:29 Castle Age
14:06 Wheelbarrow
13:22 Double-Bit Axe
Connection lost

Rejoining the realm…

Still unreachable

The connection could not be restored.

Session expired

The server has moved on; the page needs a fresh start.